 Dungeon Crawl Stone Soup version 0.18.1-50-g88ac8fd (webtiles) character file.

320 tyranidshit the Skirmisher (level 6, 0/55 HPs)
             Began as a Demonspawn Abyssal Knight on Oct 1, 2016.
             Was a Believer of Lugonu.
             Slain by a killer bee (5 damage)
             ... on level 3 of the Dungeon.
             The game lasted 00:09:13 (2624 turns).

tyranidshit the Skirmisher (DsAK)                   Turns: 2624, Time: 00:09:14

Health: 0/55       AC: 11    Str: 14    XL:     6   Next: 22%
Magic:  7/7        EV:  9    Int: 13    God:    Lugonu [**....]
Gold:   191        SH:  0    Dex: 15    Spells: 0 memorised, 5 levels left

rFire  + . .     SeeInvis .     a - +1 hand axe
rCold  + . .     Gourm    .     g - +4 scale mail "Sufefouzu" {rC+}
rNeg   . . .     Faith    .     (no shield)
rPois  .         Spirit   .     (no helmet)
rElec  .         Dismiss  .     (no cloak)
rCorr  .         Reflect  .     q - +0 pair of gloves
SustAt .         Harm     .     (no boots)
MR     .....                    (no amulet)
Stlth  +.........               (no ring)
                                (no ring)

@: lethally poisoned (0 -> -13), very slightly contaminated, hasted, very quick,
not resistant to hostile enchantments, very unstealthy
A: talons 1, thin skeletal structure 1, fire resistance 1
a: Depart the Abyss, Bend Space, Renounce Religion


You were on level 3 of the Dungeon.
You worshipped Lugonu.
Lugonu was pleased with you.
You were not hungry.

You visited 2 branches of the dungeon, and saw 5 of its levels.
You visited the Abyss 1 time.

You collected 191 gold pieces.

Inventory:

Hand Weapons
 a - a +1 hand axe (weapon)
Missiles
 d - 55 arrows
Armour
 b - a +0 leather armour
 g - the +4 scale mail "Sufefouzu" (worn) {rC+}
   (You found it on level 3 of the Abyss)

   It protects you from cold.
 q - a +0 pair of gloves (worn)
Jewellery
 f - an uncursed amulet of guardian spirit
 n - an uncursed amulet of regeneration
Scrolls
 i - 3 scrolls of identify
 j - a scroll of teleportation
 l - a scroll of enchant weapon {unknown}
Potions
 k - a potion of flight
Comestibles
 c - a bread ration
 h - a meat ration
 m - a royal jelly


   Skills:
 + Level 7.1 Fighting
 - Level 1.7 Axes
 - Level 1.7 Armour
 - Level 0.8 Dodging
 - Level 2.4 Invocations


You had 5 spell levels left.
You didn't know any spells.

Dungeon Overview and Level Annotations

Branches:
Dungeon (4/15)             Temple (1/1) D:4

Altars:
Kikubaaqudgha
Makhleb
Xom
Zin


Innate Abilities, Weirdness & Mutations

You have sharp toenails.
You have a somewhat thin skeletal structure (Dex +2, Stealth).
Your flesh is heat resistant.


Message History

* * * LOW HITPOINT WARNING * * *
You are more poisoned.
The killer bee poisons you!
You closely miss the killer bee.
You claw the killer bee, but do no damage.
The killer bee is heavily wounded.
* * * LOW HITPOINT WARNING * * *
You feel sick.
The killer bee stings you but does no damage.
You hit the killer bee but do no damage.
The killer bee is heavily wounded.
* * * LOW HITPOINT WARNING * * *
You feel sick. The killer bee closely misses you.
The killer bee stings you but does no damage.
Unknown command.
You miss the killer bee.
The killer bee is heavily wounded.
* * * LOW HITPOINT WARNING * * *
You feel sick. The killer bee stings you.
You die...

##)....## #..#.#...
#......#.
###############..#.#...
#..>.................#.
#.......######[##...[#.
#......................
#........###.###.##....
#.....@..# #.# #.#####†
#.....y..###.###.......
#.......>..........)...
##........#############.
#.........# #.
#.........# ##
#....####.##### #....#
##.#...# #....# #...)#.#
####


You could see a killer bee.

Vanquished Creatures
  A scorpion (D:4)
  A killer bee (D:3)
  A hound (D:2)
  A giant frog skeleton (D:3)
  A worker ant (D:4)
  6 adders
  2 oozes (D:1)
  7 worms
  3 giant geckos
  2 orcs (D:3)
  5 goblins
  4 hobgoblins
  8 jackals
  A quokka (D:2)
  3 ball pythons
  9 bats
  A giant newt (D:3)
  7 kobolds
  6 rats
69 creatures vanquished.

Notes
Turn   | Place    | Note
--------------------------------------------------------------
     0 | Abyss:1  | tyranidshit the Demonspawn Abyssal Knight began the quest for the Orb.
     0 | Abyss:1  | Reached XP level 1. HP: 18/18 MP: 2/2
    54 | Abyss:2  | Noticed a spatial maelstrom
    56 | Abyss:2  | Noticed a spatial vortex
    56 | Abyss:2  | Noticed a spatial vortex
    59 | Abyss:2  | Found a corrupted altar of Lugonu.
    84 | Abyss:3  | Got a twisted scale mail
   113 | Abyss:3  | Noticed a purple very ugly thing
   114 | D:1      | Escaped the Abyss
   125 | D:1      | Identified the +4 scale mail "Sufefouzu" {rC+} (You found it on level 3 of the Abyss)
   214 | D:1      | Gained mutation: You have a somewhat thin skeletal structure (Dex +2, Stealth). [demonic ancestry]
   214 | D:1      | Reached XP level 2. HP: 15/24 MP: 1/3
   325 | D:1      | Reached * piety under Lugonu
   440 | D:1      | Reached skill level 4 in Fighting
   932 | D:1      | Reached XP level 3. HP: 30/30 MP: 4/4
  1357 | D:2      | Found a burning altar of Makhleb.
  1366 | D:2      | Reached skill level 5 in Fighting
  1366 | D:2      | Gained mutation: You have sharp toenails. [demonic ancestry]
  1366 | D:2      | Reached XP level 4. HP: 12/39 MP: 5/5
  1750 | D:3      | Reached ** piety under Lugonu
  1871 | D:3      | Gained mutation: Your flesh is heat resistant. [demonic ancestry]
  1871 | D:3      | Reached XP level 5. HP: 36/46 MP: 6/6
  1973 | D:3      | Reached skill level 6 in Fighting
  2215 | D:4      | Found a glowing silver altar of Zin.
  2215 | D:4      | Noticed an angel
  2219 | D:4      | Found a staircase to the Ecumenical Temple.
  2225 | Temple   | Entered the Ecumenical Temple
  2242 | D:4      | Found a shimmering altar of Xom.
  2260 | D:4      | Reached XP level 6. HP: 50/53 MP: 7/7
  2305 | D:3      | Reached skill level 7 in Fighting
  2624 | D:3      | Slain by a killer bee

Skill      XL: |  1  2  3  4  5  6 |
---------------+-------------------+-----
Fighting       | 4 5 6 7 |  7.1
Axes           | |  1.7
Armour         | |  1.7
Dodging        | |  0.8
Invocations    | |  2.4

Action                   |  1- 3 |  4- 6 || total
-------------------------+-------+-------++-------
Melee: Hand axe          |   116 |   198 ||   314
       Kick              |       |    57 ||    57
Invok: Depart the Abyss  |     1 |       ||     1
  Use: Scroll            |     6 |     3 ||     9
       Potion            |     2 |     5 ||     7
  Eat: Bread ration      |     1 |     1 ||     2
Armor: Scale mail        |    73 |   127 ||   200
Dodge: Dodged            |    66 |   102 ||   168
